 Dungeon Crawl Stone Soup version 0.25.0-33-gff14898491 (webtiles) character file.

Game seed: 15249845683203596806

192 Peloso the Shield-Bearer (level 5, -1/41 HPs)
             Began as a Demonspawn Fighter on July 6, 2020.
             Was an Initiate of Okawaru.
             Slain by a scorpion (6 damage)
             ... on level 3 of the Dungeon.
             The game lasted 00:04:51 (4169 turns).

Peloso the Shield-Bearer (Demonspawn Fighter)       Turns: 4169, Time: 00:04:51

Health: -1/41      AC: 10    Str: 18    XL:     5   Next: 42%
Magic:  5/5        EV:  7    Int: 15    God:    Okawaru [......]
Gold:   84         SH:  9    Dex: 12    Spells: 4/4 levels left

rFire    . . .     SeeInvis .   a - +0 long sword
rCold    . . .     Gourm    .   c - +0 kite shield
rNeg     . . .     Faith    .   b - +0 scale mail
rPois    .         Spirit   .   (no helmet)
rElec    .         Reflect  .   (no cloak)
rCorr    .         Harm     .   g - +2 pair of gloves
MR       .....                  (no boots)
Stlth    +.........             p - amulet of magic regeneration
HPRegen  0.13/turn              h - +6 ring of intelligence
MPRegen  0.34/turn              (no ring)

@: lethally poisoned (-1 -> -16)
A: claws 1, nightstalker 1
a: Renounce Religion


You were on level 3 of the Dungeon.
You worshipped Okawaru.
Okawaru was noncommittal.
You were not hungry.

You visited 1 branch of the dungeon, and saw 4 of its levels.

You collected 84 gold pieces.

Inventory:

Hand Weapons
 a - a +0 long sword (weapon)
Armour
 b - a +0 scale mail (worn)
 c - a +0 kite shield (worn)
 g - a +2 pair of gloves (worn)
Jewellery
 h - a +6 ring of intelligence (left hand)
 p - an amulet of magic regeneration (around neck)
Wands
 m - a wand of digging (3)
Scrolls
 e - 2 scrolls of identify {unknown}
 k - a scroll of remove curse {unknown}
 l - a scroll of immolation {unknown}
 n - a scroll of teleportation {unknown}
 q - a scroll of magic mapping {unknown}
 r - 2 scrolls of fear {unknown}
Potions
 d - 2 potions of might
 i - 3 potions of brilliance
 o - a potion of heal wounds {unknown}
 s - a potion of curing {unknown}
 t - a potion of mutation {unknown}
Comestibles
 f - 8 rations
 j - 3 chunks of flesh


   Skills:
 + Level 3.5 Fighting
 + Level 3.0 Long Blades
 + Level 3.5 Armour
 + Level 1.1 Dodging
 + Level 0.5 Stealth
 + Level 3.6 Shields


You had 4 spell levels left.
You didn't know any spells.
Your spell library was empty.

Dungeon Overview and Level Annotations

Branches:
Dungeon (4/15)
 Temple: D:4-7

Altars:
Okawaru

Annotations:
D:3 3 runed translucent doors, TheNamelessOne's ghost, amateur FoFi
D:4 Blork the orc


Innate Abilities, Weirdness & Mutations

You have sharp fingernails.
You are slightly more attuned to the shadows.


Message History

The scorpion poisons you!
You closely miss the scorpion.
The scorpion is moderately wounded.
* * * LOW HITPOINT WARNING * * *
You feel sick. The scorpion completely misses you.
You hit the scorpion.
The scorpion is moderately wounded.
* * * LOW HITPOINT WARNING * * *
You feel very sick. You block the scorpion's attack.
You closely miss the scorpion.
The scorpion is moderately wounded.
* * * LOW HITPOINT WARNING * * *
You feel sick.
The scorpion stings you but does no damage.
You hit the scorpion but do no damage.
The scorpion is moderately wounded.
* * * LOW HITPOINT WARNING * * *
You feel sick. The scorpion stings you.
You die...

###..######.###.......
#..# #.....###### #..#
#.....####
##..######.....)..#
##..............##.#
#..#......).....##.###
#.....##..............
#.###s##.#########.###
#.# #@##.# #.#
#.###)##.## #.#
#.##......# #.#
#.#.###...### #.#
#..#........######.#
#..#...............#
##.#....<...########
##.###.)....#########
##.......#..........


You could see a scorpion.

Vanquished Creatures
  An orc priest (D:3)
  6 adders
  3 gnolls
  3 worms
  2 dart slugs
  5 leopard geckos
  2 orcs (D:3)
  4 giant cockroaches
  A goblin (D:2)
  9 hobgoblins
  4 jackals (D:2)
  2 quokkas (D:2)
  4 ball pythons
  5 bats
  4 frilled lizards
  7 kobolds
  3 rats
65 creatures vanquished.

Notes
Turn   | Place    | Note
-------+----------+-------------------------------------------
     0 | D:1      | Peloso the Demonspawn Fighter began the quest for the Orb.
     0 | D:1      | Reached XP level 1. HP: 18/18 MP: 1/1
   270 | D:1      | Gained mutation: You are slightly more attuned to the
                  | shadows. [demonic ancestry]
   270 | D:1      | Reached XP level 2. HP: 18/24 MP: 2/2
  1309 | D:2      | Gained mutation: You have sharp fingernails. [demonic
                  | ancestry]
  1309 | D:2      | Reached XP level 3. HP: 26/29 MP: 3/3
  2227 | D:2      | Reached XP level 4. HP: 30/35 MP: 4/4
  2329 | D:2      | You fall into a shaft and drop 1 floor!
  2722 | D:3      | Found an iron altar of Okawaru.
  2740 | D:3      | Reached skill level 1 in Dodging
  2751 | D:3      | Became a worshipper of Warmaster Okawaru
  2846 | D:3      | Reached XP level 5. HP: 30/41 MP: 5/5
  3260 | D:3      | Found a runed translucent gate.
  3261 | D:3      | Found a runed translucent gate.
  3261 | D:3      | Found a runed translucent gate.
  3265 | D:3      | Noticed TheNamelessOne's ghost (amateur FoFi)
  4134 | D:4      | Noticed an orc warrior
  4136 | D:4      | Noticed Blork the orc
  4169 | D:3      | Slain by a scorpion

Illustrated notes

Levels and vault maps discovered:
D:1:      kennysheep_arrival_seaside, layout_loops_ring, st_stairs_1
D:2:      layout_loops_ring, first_ration, serial_co_window_serial,
          co_window_of_opportunity_a, co_window_paths_b, co_window_cross_1,
          co_window_corner_a, co_window_corner_a, co_window_broadway_a,
          co_window_corner_b, co_window_unsneaky_path_d, co_window_corner_b,
          co_window_broadway_a, co_window_unsneaky_path_e, co_window_2corner,
          glass_columns_a, glass_columns_b, glass_columns_a
D:3:      layout_loops_ring, okawaru_metal_pillars_3, gammafunk_ghost_necromancy
D:4:      layout_loops_ring, gammafunk_ghost_cemetery, minmay_cut_off,
          uniq_blork_the_orc

Skill      XL: |  1  2  3  4  5 |
---------------+----------------+-----
Shields        | 3 |  3.6
Long Blades    | 2 3 |  3.0
Armour         | 3 |  3.5
Dodging        | 1 |  1.1
Fighting       | |  3.5
Stealth        | |  0.5

Action                   |  1- 3 |  4- 6 || total
-------------------------+-------+-------++-------
Melee: Long sword        |   172 |   147 ||   319
  Use: Potion            |     2 |       ||     2
  Eat: Chunk             |     4 |     7 ||    11
Armor: Scale mail        |   128 |    72 ||   200
Dodge: Dodged            |    61 |    59 ||   120
Block: Kite shield       |   104 |    79 ||   183
       Rpst.: Long sword |    14 |    21 ||    35
